 Dungeon Crawl Stone Soup version 0.19-a0-718-gdd04e31 (webtiles) character file.

173658 AlphabetPasta the Bewitcher (level 16, -1/73 HPs)
             Began as a Felid Enchanter on June 20, 2016.
             Was a High Priest of Dithmenos.
             Slain by a halberd of venom (22 damage)
             ... on level 1 of the Elven Halls on June 21, 2016.
             The game lasted 06:21:30 (49809 turns).

AlphabetPasta the Bewitcher (Felid Enchanter)      Turns: 49809, Time: 06:21:31

Health: -1/73      AC:  3    Str:  4    XL:     16   Next: 87%
Magic:  22/31      EV: 31    Int: 29    God:    Dithmenos [*****.]
Gold:   3275       SH:  3    Dex: 20    Spells: 12 memorised, 2 levels left
                                        Lives:  0   Deaths: 4

rFire  . . .     SeeInvis +       - Unarmed
rCold  + + .     Gourm    .     (armour unavailable)
rNeg   + . .     Faith    .     (shield unavailable)
rPois  +         Spirit   .     (helmet unavailable)
rElec  .         Dismiss  .     (cloak unavailable)
rCorr  .         Reflect  +     (gloves unavailable)
SustAt .         Harm     .     (boots unavailable)
MR     ++...                    p - +3 amulet of reflection
Stlth  ++++++++++               f - ring of Departure {rC+ rN+ Int+3 Slay+2 SInv}
                                I - ring of Raawka {rPois Int+5}

@: wreathed by umbra, repel missiles, quick, very resistant to hostile
enchantments, uncannily stealthy
A: no armour, no weapons or thrown items, claws 1, fangs 3, see invisible,
carnivore 3, speed 1, shaggy fur 3, slow metabolism 1, sharp paws
a: Shadow Step, Shadow Form, Renounce Religion
}: 2/15 runes: barnacled, gossamer


You were on level 1 of the Elven Halls.
You worshipped Dithmenos.
Dithmenos was extremely pleased with you.
You were very full.

You visited 8 branches of the dungeon, and saw 34 of its levels.
You also visited: Trove and Ossuary.

You collected 3696 gold pieces.
You spent 421 gold pieces at shops.

Inventory:

Jewellery
 e - an uncursed ring of protection from fire
 f - the ring of Departure (right paw) {rC+ rN+ Int+3 Slay+2 SInv}
   (You found it in a treasure trove)

   [ring of positive energy]

   It affects your intelligence (+3).
   It affects your accuracy and damage with ranged weapons and melee attacks
   (+2).
   It protects you from cold.
   It protects you from negative energy.
   It lets you see invisible.
 h - the ring "Bunoec" {+Fly rN+ Dex+4}
   (You found it in a treasure trove)

   [ring of flight]

   It affects your dexterity (+4).
   It protects you from negative energy.
   It lets you fly.
 k - the amulet of Cekugob {Dismiss -Tele rElec rPois rN++ AC+1 EV+1}
   (You found it in a treasure trove)

   [amulet of dismissal]

   It may teleport away creatures that harm you.
   It affects your AC (+1).
   It affects your evasion (+1).
   It insulates you from electricity.
   It protects you from poison.
   It greatly protects you from negative energy.
   It prevents most forms of teleportation.
 o - a +3 ring of strength
 p - a +3 amulet of reflection (around neck)
 u - a +3 ring of dexterity
 x - an uncursed ring of protection from magic
 E - an uncursed ring of sustain attributes
 I - the ring of Raawka (left paw) {rPois Int+5}
   (You found it on level 3 of the Shoals)

   [ring of poison resistance]

   It affects your intelligence (+5).
   It protects you from poison.
 N - a +5 ring of slaying
 Q - the ring of Rimmuth {rC+ rN+ MR- Str+3 Stlth+}
   (You acquired it on level 13 of the Dungeon)

   [ring of positive energy]

   It affects your strength (+3).
   It protects you from cold.
   It protects you from negative energy.
   It affects your resistance to hostile enchantments.
   It makes you more stealthy.
 V - a +5 ring of protection
Wands
 c - a wand of disintegration (10/24)
 d - a wand of confusion (29/48)
 m - a wand of digging (7/24)
 s - a wand of hasting (1/9)
 v - a wand of iceblast (1/15)
 y - a wand of paralysis (7/24)
 C - a wand of polymorph (9/24)
 F - a wand of slowing (27/48)
Scrolls
 t - 7 scrolls of identify
 z - 2 scrolls of fear
 D - a scroll of summoning
 H - 6 scrolls of amnesia
 J - 3 scrolls of fog
 L - 7 scrolls of magic mapping
 M - 12 scrolls of remove curse
 O - a scroll of teleportation
 S - 2 scrolls of recharging
Potions
 g - 5 potions of curing
 j - a potion of cancellation
 q - 2 potions of cure mutation
 w - 4 potions of agility
 A - 3 potions of might
 T - a potion of resistance
 U - a potion of berserk rage
 W - a potion of flight
 Y - 4 potions of ambrosia
Books
 l - a book of Burglary

   Spells                             Type                      Level
   a - Swiftness                      Charms/Air                   2
   b - Passwall                       Transmutation/Earth          2
   c - Passage of Golubria            Translocation                4
   d - Lee's Rapid Deconstruction     Earth                        5
   e - Darkness                       Hexes                        6
   f - Invisibility                   Hexes                        6
Miscellaneous
 G - a disc of storms
 R - a phial of floods
 X - a fan of gales
 Z - a phantom mirror
Comestibles
 b - 16 meat rations
 i - 9 beef jerkies
 n - 4 slices of pizza


   Skills:
 + Level 10.1 Fighting
 + Level 14.0 Dodging
 + Level 18.1 Stealth
 * Level 15.7 Unarmed Combat
 + Level 10.5 Spellcasting
 * Level 20.9 Hexes
 - Level 9.0 Charms
 - Level 5.0 Translocations
 + Level 5.1 Ice Magic
 - Level 4.0 Air Magic
 + Level 9.8 Invocations
 - Level 6.3 Evocations


You had 2 spell levels left.
You knew the following spells:

 Your Spells              Type           Power        Failure   Level  Hunger
a - Corona                Hex            #######      0%          1    None
b - Ensorcelled Hibernat  Hex/Ice        ######       1%          2    None
c - Confuse               Hex            #######.     0%          3    None
d - Swiftness             Chrm/Air       ######..     1%          2    None
e - Dazzling Spray        Conj/Hex       ######       1%          3    None
f - Tukima's Dance        Hex            #######.     0%          3    None
g - Ozocubu's Armour      Chrm/Ice       ######..     1%          3    None
h - Apportation           Tloc           #####.....   1%          1    None
i - Blink                 Tloc           N/A          1%          2    None
j - Invisibility          Hex            #######.     1%          6    #####..
k - Darkness              Hex            #######...   1%          6    #####..
l - Repel Missiles        Chrm/Air       ######       1%          2    None


Dungeon Overview and Level Annotations

Branches:
Dungeon (15/15)            Temple (1/1) D:4            Lair (6/6) D:11
 Shoals (4/4) Lair:4       Spider (4/4) Lair:3        Slime (0/5) Lair:5
    Orc (2/2) D:9             Elf (1/3) Orc:2        Vaults (1/5) D:13
 Depths (0/5) D:15

Altars:
Ashenzari
Cheibriados
Dithmenos
Elyvilon
Fedhas
Gozag
Hepliaklqana
Kikubaaqudgha
Makhleb
Nemelex Xobeh
Okawaru
Pakellas
Qazlal
Ru
Sif Muna
Trog
Uskayaw
Vehumet
Xom
Yredelemnul
Zin
The Shining One
Jiyva

Shops:
D:4 :   D:14 *   D:15 *   Orc:2 =(*[   Elf:1 (   Vaults:1 :

Annotations:
Lair:5 1 runed door
Shoals:4 exclusion: Roxanne, Roxanne
Vaults:1 Aizul


Innate Abilities, Weirdness & Mutations

You cannot wear armour.
You are incapable of wielding weapons or throwing items.
You have sharp claws.
You have razor-sharp teeth.
You have supernaturally acute eyesight. (SInv)
You are carnivorous and can eat meat at any time.
You cover ground quickly.
Your thick and shaggy fur keeps you warm. (AC +3, rC+)
You have a slow metabolism.
Your sharp claws are effective at attacking unaware monsters.


Message History

You scratch the halberd of venom but do no damage.
You bite the halberd of venom, but do no damage.
The halberd of venom is lightly damaged.
The halberd of venom misses you.
You closely miss the halberd of venom.
The halberd of venom is lightly damaged.
The halberd of venom barely misses you.
You barely miss the halberd of venom.
The halberd of venom is lightly damaged.
The halberd of venom closely misses you.
You barely miss the halberd of venom. The halberd of venom hits you!!
* * * LOW HITPOINT WARNING * * *
You completely miss the halberd of venom.
The halberd of venom barely misses you.
You claw the halberd of venom!
The halberd of venom is heavily damaged.
You miss the halberd of venom.
The halberd of venom is heavily damaged.
The halberd of venom hits you!!
You die...

#######.....# #.# #.....#
...>..'.....# #.# ##...##
#######.....# #(# ##.#'##
##'#.#'## #.# ####.##
######.#####.## #[# ##.# ....#+##
##.###.# ##. .....## ##.##)# ##
......# ##'#'## ##
......##########@..## ##.
......'.......'(....# #..
).....#########.....###########.^
......# #(..............'..
.....## ##'...#'##########..
....## ##.######.## #.. '###'##
##.## ##.###### ##. .#
##.######.## ##'#...## ## .#
##'#.##'## ##.....## #


You could see a halberd of venom.

Vanquished Creatures
  Gastronok (D:9)
  Frances (Spider:1)
  A fire giant (D:15)
  Ilsuiw (Shoals:4)
  3 orc warlords
  3 ghost moths
  The ghost of Bnni the Impaler, a journeyman DsMo of Hepliaklqana (Lair:6)
  7 emperor scorpions
  A vault warden (Vaults:1)
  Louise (Shoals:1)
  An ironheart preserver (Vaults:1)
  5 entropy weavers
  A deep elf demonologist (Elf:1)
  4 spark wasps
  3 merfolk javelineers
  Josephine (Orc:1)
  2 deep elf high priests (Elf:1)
  6 vault guards
  11 merfolk impalers
  8 hydras
  The ghost of Wraiths the Inventor, a journeyman DsAr of Pakellas (Lair:2)
  3 merfolk aquamancers (Shoals:3)
  A death yak (Lair:4)
  6 merfolk avatars
  Erica (D:11)
  5 alligator snapping turtles
  8 death scarabs (Spider:4)
  A centaur warrior (D:15)
  4 dancing weapons (Elf:1)
  A death knight (D:13)
  4 satyrs
  3 ogre magi
  4 deep elf knights
  Sonja (D:11)
  An orc high priest (Orc:2)
  10 sea snakes
  3 skeletal warriors
  7 deep elf archers
  4 spectral wolf spiders (Spider:4)
  2 ironbrand convokers (Vaults:1)
  A necromancer (Spider:1)
  6 ugly things (Vaults:1)
  7 hill giants
  3 orc sorcerers
  19 orb spiders
  8 orc knights
  11 griffons
  6 harpies
  32 wolf spiders
  22 deep elf magi
  10 manticores
  9 hornets
  10 wolf spider zombies
  3 cyclopes
  19 fauns
  4 moths of wrath
  5 elephants
  5 sirens
  Maurice (D:12)
  Joseph (D:7)
  2 vault sentinels (Vaults:1)
  6 black mambas
  2 centaur zombies
  3 water nymphs
  A molten gargoyle (Lair:5)
  Psyche (D:11)
  2 torpor snails
  13 spiny frogs
  A guardian serpent (Lair:6)
  2 gargoyles (D:13)
  2 kobold demonologists (D:12)
  4 rime drakes
  3 yaktaurs (Vaults:1)
  5 spectral redbacks (Spider:4)
  8 demonic crawlers
  A tengu conjurer (D:13)
  An efreet (D:15)
  3 komodo dragons
  A harpy zombie (D:13)
  A freezing wraith (D:14)
  11 redback zombies
  35 merfolk
  4 two-headed ogres
  37 jumping spiders
  2 spectral tarantellas (Spider:4)
  3 polar bears (D:9)
  13 trolls
  4 spectral jumping spiders (Spider:4)
  8 wind drakes
  3 spectral hornets (Spider:4)
  17 blink frogs
  Prince Ribbit (D:6)
  A jumping spider zombie (Spider:4)
  5 snapping turtles
  2 hornet zombies (Spider:4)
  8 tarantella zombies
  56 redbacks
  A shadow (D:11)
  10 water elementals
  An air elemental (Elf:1)
  9 wraiths
  12 wyverns
  2 fire bats (Lair:5)
  3 fire elementals (Elf:1)
  30 yaks
  A vampire (D:10)
  17 tarantellas
  3 steam dragons
  4 basilisks
  9 hippogriffs
  A vampire mosquito (Vaults:1)
  A hungry ghost (D:11)
  A mottled dragon (D:13)
  8 wargs
  13 water moccasins
  2 hell hounds (D:11)
  6 porcupines
  51 orc warriors
  5 sky beasts
  2 black bears
  3 phantoms
  3 necrophages
  The ghost of masteer5 the Chopper, an amateur HOBe of Trog (D:3)
  An ettin simulacrum (Vaults:1)
  10 ice beasts
  4 wasps
  An eye of draining (D:13)
  19 ogres
  13 centaurs
  8 crocodiles
  11 big kobolds
  22 giant frogs
  A wyvern zombie (D:9)
  5 scorpions
  A scorpion (shapeshifter) (Vaults:1)
  3 killer bees (D:9)
  A troll skeleton (D:9)
  11 wights
  6 electric eels
  2 howler monkeys (D:10)
  12 crimson imps
  3 giant frog zombies
  7 jellies
  3 human zombies (D:9)
  6 hounds
  19 orc priests
  24 orc wizards
  Crazy Yiuf (D:7)
  8 centaur skeletons
  4 giant frog skeletons
  A human skeleton (D:9)
  18 iguanas
  Jessica (D:3)
  18 worker ants
  12 sheep
  A giant frog simulacrum (D:9)
  2 hound zombies
  A hound skeleton (D:5)
  5 mummies
  A howler monkey skeleton (D:6)
  65 river rats
  17 adders
  2 hound simulacra (D:9)
  4 shadow imps
  4 white imps (D:9)
  2 ufetubi
  An ooze (D:2)
  2 adder skeletons
  An adder zombie (D:9)
  A worm (D:2)
  3 dart slugs
  4 giant geckos
  75 orcs
  8 giant cockroaches
  10 goblins
  6 hobgoblins
  20 jackals
  7 quokkas
  6 bats
  8 giant newts
  2 jackal zombies
  26 kobolds
  6 rats
  2 butterflies (D:4)
  A fungus (Lair:6)
  A plant (Shoals:4)
1335 creatures vanquished.

Vanquished Creatures (collateral kills)
  An ugly thing (D:11)
1 creature vanquished.

Vanquished Creatures (others)
  A deep elf sorcerer (Elf:1)
  A centaur warrior (D:14)
  A merfolk aquamancer (Shoals:4)
  2 orcs
  A jackal (D:9)
  A kobold (Orc:1)
  2 bushes
  45 fungi
  44 plants
98 creatures vanquished.

Grand Total: 1434 creatures vanquished

Notes
Turn   | Place    | Note
--------------------------------------------------------------
     0 | D:1      | AlphabetPasta the Felid Enchanter began the quest for the Orb.
     0 | D:1      | Reached XP level 1. HP: 7/7 MP: 4/4
   555 | D:1      | Reached XP level 2. HP: 11/11 MP: 6/6
   559 | D:1      | Learned a level 2 spell: Ensorcelled Hibernation
  1175 | D:2      | Reached XP level 3. HP: 14/14 MP: 7/7
  1220 | D:2      | Reached skill level 5 in Hexes
  1661 | D:2      | Learned a level 3 spell: Confuse
  1822 | D:2      | Reached skill level 1 in Ice Magic
  1822 | D:2      | Reached XP level 4. HP: 18/18 MP: 8/8
  2151 | D:3      | Noticed masteer5's ghost (amateur HOBe)
  2179 | D:3      | Killed masteer5's ghost
  2179 | D:3      | Reached skill level 5 in Stealth
  2179 | D:3      | Reached XP level 5. HP: 21/21 MP: 4/9
  2183 | D:3      | Learned a level 2 spell: Swiftness
  2459 | D:3      | HP: 1/21 [orc priest/nerve-wracking pain (14)]
  2836 | D:3      | Noticed Jessica
  2926 | D:3      | Killed Jessica
  2926 | D:3      | Reached skill level 6 in Hexes
  3086 | D:3      | Gained mutation: You are covered in thick fur. (AC +2) [Felid growth]
  3086 | D:3      | Reached XP level 6. HP: 23/24 MP: 3/11
  3586 | D:4      | Learned a level 2 spell: Swiftness
  3602 | D:4      | Found Voplyop's Book Boutique.
  3604 | D:4      | Found a shimmering altar of Xom.
  3672 | D:4      | Reached skill level 1 in Charms
  3747 | D:4      | Found a staircase to the Ecumenical Temple.
  3756 | Temple   | Entered the Ecumenical Temple
  4458 | D:4      | Reached skill level 1 in Air Magic
  4458 | D:4      | Reached skill level 1 in Evocations
  4458 | D:4      | Reached XP level 7. HP: 27/27 MP: 9/12
  4514 | D:4      | Learned a level 3 spell: Dazzling Spray
  4888 | D:5      | Entered Level 5 of the Dungeon
  4928 | D:5      | Found a sacrificial altar of Ru.
  5265 | D:5      | Reached skill level 7 in Hexes
  5299 | D:5      | Found a sand-covered staircase.
  5308 | Ossuary  | Entered an ossuary
  5360 | Ossuary  | HP: 1/28 [mummy (15)]
  5400 | D:5      | Reached skill level 1 in Fighting
  5952 | D:5      | Reached XP level 8. HP: 27/32 MP: 5/13
  6116 | D:5      | Reached skill level 5 in Dodging
  6531 | D:5      | HP: 1/32 [giant gecko (4)]
  7333 | D:6      | Noticed a balrug
  7334 | D:6      | Found a burning altar of Makhleb.
  7337 | D:6      | Found a glowing silver altar of Zin.
  7337 | D:6      | Noticed an angel
  7958 | D:6      | Noticed Prince Ribbit
  7961 | D:6      | Killed Prince Ribbit
  7961 | D:6      | Reached skill level 5 in Unarmed Combat
  7961 | D:6      | Reached skill level 8 in Hexes
  8785 | D:6      | Learned a level 3 spell: Tukima's Dance
  9035 | D:6      | Reached XP level 9. HP: 27/36 MP: 8/15
  9295 | D:7      | Noticed Joseph
  9321 | D:7      | Killed Joseph
  9596 | D:7      | Reached skill level 9 in Hexes
  9715 | D:7      | Noticed Crazy Yiuf
  9719 | D:7      | Killed Crazy Yiuf
 11195 | D:8      | Reached skill level 10 in Hexes
 11252 | D:9      | Reached XP level 10. HP: 40/40 MP: 17/17
 11385 | D:9      | Found a staircase to the Orcish Mines.
 11409 | D:9      | Reached skill level 10 in Stealth
 12196 | D:9      | Found a shadowy altar of Dithmenos.
 12206 | D:9      | Became a worshipper of Dithmenos the Shadowed
 12252 | D:9      | Noticed Gastronok
 12723 | D:9      | Killed Gastronok
 12723 | D:9      | Reached skill level 5 in Spellcasting
 12723 | D:9      | Reached skill level 11 in Hexes
 12786 | D:9      | Found a shattered altar of Ashenzari.
 12788 | D:9      | Found a basalt altar of Yredelemnul.
 12789 | D:9      | Found a hide-covered altar of Uskayaw.
 12792 | D:9      | Found an oddly glowing altar of Pakellas.
 12793 | D:9      | Found a deep blue altar of Sif Muna.
 12977 | D:9      | Found an ancient bone altar of Kikubaaqudgha.
 12983 | D:9      | Reached XP level 11. HP: 45/45 MP: 20/20
 12997 | D:9      | Reached * piety under Dithmenos
 13027 | D:9      | Reached skill level 1 in Invocations
 13460 | D:9      | Reached ** piety under Dithmenos
 13704 | D:10     | Entered Level 10 of the Dungeon
 15257 | D:10     | HP: 1/46 [electric eel/bolt of electricity (12)]
 15566 | D:11     | Found a staircase to the Lair.
 15652 | D:11     | Slain by an orc warrior
 15653 | D:11     | Reached XP level 10. HP: -5/42 MP: 14/19
 15715 | D:11     | Found a portal to a secret trove of treasure.
 15747 | D:11     | Noticed Erica
 15769 | D:11     | Killed Erica
 15803 | D:11     | Noticed Psyche
 15859 | D:11     | Killed Psyche
 15901 | D:11     | Reached skill level 12 in Hexes
 16021 | D:11     | Noticed an eight-headed hydra
 16025 | D:11     | Killed an eight-headed hydra
 16096 | D:11     | Noticed a red ugly thing
 16100 | D:11     | Noticed Sonja
 16114 | D:11     | Killed a red ugly thing
 16114 | D:11     | Reached XP level 11. HP: 38/46 MP: 15/20
 16115 | D:11     | Noticed a four-headed hydra
 16118 | D:11     | Killed Sonja
 16419 | D:11     | Killed a four-headed hydra
 16561 | D:11     | Noticed a hill giant
 16576 | D:11     | Killed a hill giant
 16674 | Lair:1   | Entered Level 1 of the Lair of Beasts
 16816 | Lair:1   | Reached *** piety under Dithmenos
 17330 | Lair:1   | Noticed an eight-headed hydra
 17345 | Lair:1   | Mangled by an eight-headed hydra
 17346 | Lair:1   | Reached XP level 10. HP: -6/43 MP: 13/20
 18217 | Lair:1   | Killed an eight-headed hydra
 18291 | Lair:1   | Reached skill level 13 in Hexes
 18311 | Lair:2   | Noticed an elephant
 18311 | Lair:2   | Noticed an elephant
 18311 | Lair:2   | Noticed an elephant
 18311 | Lair:2   | Noticed an elephant
 18311 | Lair:2   | Noticed an elephant
 18472 | Lair:1   | Killed an elephant
 18598 | Lair:1   | Killed an elephant
 18754 | Lair:1   | Killed an elephant
 18754 | Lair:1   | Reached XP level 11. HP: 46/46 MP: 14/21
 18977 | Lair:2   | Noticed Wraiths's ghost (journeyman DsAr)
 19010 | Lair:2   | Killed Wraiths's ghost
 19521 | Lair:2   | Noticed an eight-headed hydra
 19541 | Lair:2   | Killed an eight-headed hydra
 19541 | Lair:2   | Reached skill level 5 in Fighting
 19919 | Lair:2   | Learned a level 3 spell: Ozocubu's Armour
 19921 | Lair:2   | Noticed a seven-headed hydra
 19928 | Lair:2   | Killed a seven-headed hydra
 20054 | Lair:3   | Noticed a four-headed hydra
 20060 | Lair:3   | Killed a four-headed hydra
 20060 | Lair:3   | Reached **** piety under Dithmenos
 20060 | Lair:3   | Reached skill level 10 in Unarmed Combat
 20207 | Lair:3   | Found a hole to the Spider Nest.
 20207 | Lair:3   | Noticed a wolf spider
 20296 | Lair:3   | Killed a wolf spider
 20296 | Lair:3   | Reached skill level 14 in Hexes
 20381 | Lair:3   | Gained mutation: Your thick and shaggy fur keeps you warm. (AC +3, rC+) [Felid growth]
 20381 | Lair:3   | Reached XP level 12. HP: 47/51 MP: 3/22
 21203 | Lair:4   | Noticed a death yak
 21222 | Lair:4   | Killed a death yak
 21767 | Lair:4   | Found a staircase to the Shoals.
 21974 | Lair:4   | Reached ***** piety under Dithmenos
 22317 | Lair:5   | Learned a level 1 spell: Apportation
 22320 | Lair:5   | Learned a level 2 spell: Passwall
 22325 | Lair:5   | Learned a level 2 spell: Blink
 22384 | Lair:5   | Reached skill level 1 in Translocations
 22396 | Lair:5   | Reached skill level 5 in Invocations
 22605 | Lair:5   | Found a runed door.
 22605 | Lair:5   | Found a viscous altar of Jiyva.
 22606 | Lair:5   | Found a staircase to the Slime Pits.
 22750 | Lair:5   | Reached skill level 10 in Dodging
 23190 | Lair:6   | Entered Level 6 of the Lair of Beasts
 23376 | Lair:6   | Noticed Bnni's ghost (journeyman DsMo)
 23395 | Lair:6   | Reached skill level 5 in Charms
 23694 | Lair:6   | Reached skill level 15 in Hexes
 23750 | Lair:6   | Reached XP level 13. HP: 51/54 MP: 21/24
 23862 | Lair:6   | Killed Bnni's ghost
 24072 | Lair:6   | Reached skill level 15 in Stealth
 25121 | D:9      | Upgraded the game from 0.19-a0-712-g899c6ed to 0.19-a0-716-g06b4ce4
 25128 | D:9      | Learned a level 6 spell: Invisibility
 25129 | Orc:1    | Entered Level 1 of the Orcish Mines
 25651 | Orc:2    | Entered Level 2 of the Orcish Mines
 25654 | Orc:2    | Found Kex Kog's Antique Weapon Boutique.
 25655 | Orc:2    | Noticed an orc warlord
 25697 | Orc:1    | Killed an orc warlord
 26094 | Orc:2    | Found Hulokiyl's General Store.
 26133 | Orc:2    | Found Unebluhe's Jewellery Boutique.
 26145 | Orc:2    | Bought a potion of mutation for 35 gold pieces
 26636 | Orc:1    | Reached skill level 16 in Hexes
 27075 | Orc:1    | Noticed Josephine
 27216 | Orc:1    | Killed Josephine
 27216 | Orc:1    | Reached XP level 14. HP: 58/58 MP: 14/26
 27236 | Orc:1    | Found a bloodstained altar of Trog.
 27239 | Orc:1    | Reached ****** piety under Dithmenos
 27520 | Orc:2    | Found a staircase to the Elven Halls.
 27673 | Orc:2    | Found Xauchasa's Antique Armour Boutique.
 27764 | Orc:2    | Noticed an orc warlord
 27793 | Orc:2    | Killed an orc warlord
 28034 | Orc:2    | Noticed an orc warlord
 28257 | Orc:2    | Killed an orc warlord
 28503 | D:12     | Found a blossoming altar of Fedhas.
 29176 | D:12     | Noticed Maurice
 29182 | D:12     | Upgraded the game from 0.19-a0-716-g06b4ce4 to 0.19-a0-717-g9675980
 29185 | D:12     | Killed Maurice
 29187 | D:12     | Reached skill level 5 in Translocations
 29916 | D:13     | Reached skill level 5 in Evocations
 30101 | D:13     | Identified a scroll of acquirement
 30102 | D:13     | Got a sparkling steel ring
 30103 | D:13     | Identified the ring of Rimmuth {rC+ rN+ MR- Str+3 Stlth+} (You acquired it on level 13 of the Dungeon)
 30509 | D:13     | Found a gate to the Vaults.
 30847 | D:14     | Found a radiant altar of Vehumet.
 31236 | D:14     | Found a basalt altar of Yredelemnul.
 31397 | D:14     | Reached skill level 17 in Hexes
 31769 | D:15     | Entered Level 15 of the Dungeon
 31834 | D:15     | Reached XP level 15. HP: 64/64 MP: 23/28
 31836 | D:15     | Got a clouded garnet amulet
 31838 | D:15     | Identified the amulet "Ipnoroet" {Faith rF+} (You acquired it on level 15 of the Dungeon)
 32075 | D:15     | Found Zext's Assorted Antiques.
 32083 | D:15     | Bought a scroll of magic mapping for 80 gold pieces
 32083 | D:15     | Bought a scroll of identify for 46 gold pieces
 32415 | D:15     | Found a staircase to the Depths.
 32415 | D:15     | Noticed a fire giant
 32417 | D:15     | Killed a fire giant
 33093 | Spider:1 | Entered Level 1 of the Spider Nest
 33306 | Spider:1 | Noticed Frances
 33308 | Spider:1 | Killed Frances
 33411 | Spider:1 | Noticed a ghost moth
 33414 | Spider:1 | Killed a ghost moth
 34015 | D:11     | You paid a toll of 4 scrolls of blinking to enter a treasure trove
 34016 | Trove    | Entered a treasure trove
 34039 | Trove    | Got a vibrating wooden ring
 34051 | Trove    | Got an ancient lapis lazuli ring
 34067 | Trove    | Got a scorched golden amulet
 34134 | Trove    | Got a steaming hand crossbow
 34143 | Trove    | Got a bloodstained leather armour
 34160 | Trove    | Got a fine storm dragon armour
 34185 | D:11     | Identified the ring of Departure {rC+ rN+ Int+3 Slay+2 SInv} (You found it in a treasure trove)
 34186 | D:11     | Identified the ring "Bunoec" {+Fly rN+ Dex+4} (You found it in a treasure trove)
 34187 | D:11     | Identified the amulet of Ytarol {Spirit Int+2} (You found it in a treasure trove)
 34203 | D:11     | Identified the +0 storm dragon armour of Veph {rElec rPois} (You found it in a treasure trove)
 34462 | Spider:2 | Noticed a ghost moth
 34469 | Spider:2 | Killed a ghost moth
 34951 | Spider:2 | Reached skill level 18 in Hexes
 35155 | Spider:1 | Reached XP level 16. HP: 65/69 MP: 22/29
 36495 | Spider:4 | Entered Level 4 of the Spider Nest
 38049 | Spider:4 | Reached skill level 19 in Hexes
 38356 | Spider:4 | Reached XP level 17. HP: 74/74 MP: 24/31
 39048 | Spider:4 | Upgraded the game from 0.19-a0-717-g9675980 to 0.19-a0-718-gdd04e31
 39905 | Spider:4 | Got a gossamer rune of Zot
 40210 | Shoals:1 | Entered Level 1 of the Shoals
 40580 | Shoals:1 | Noticed Louise
 40621 | Shoals:1 | Killed Louise
 41505 | Shoals:2 | Reached skill level 10 in Spellcasting
 42543 | Shoals:3 | Got a crude iron ring
 42544 | Shoals:3 | Identified the ring of Raawka {rPois Int+5} (You found it on level 3 of the Shoals)
 42552 | Shoals:3 | Learned a level 6 spell: Darkness
 43040 | Shoals:4 | Entered Level 4 of the Shoals
 43076 | Shoals:4 | Noticed Ilsuiw
 43076 | Shoals:4 | Noticed Roxanne
 43100 | Shoals:3 | Reached skill level 20 in Hexes
 43116 | Shoals:3 | Reached skill level 15 in Unarmed Combat
 44363 | Shoals:3 | Reached XP level 18. HP: 79/79 MP: 28/33
 45072 | Shoals:4 | Killed Ilsuiw
 45379 | Shoals:4 | Got a barnacled rune of Zot
 46311 | Vaults:1 | Entered Level 1 of the Vaults
 46555 | Vaults:1 | Found Xizuesk's Book Boutique.
 46559 | Vaults:1 | Bought a book of Minor Magic for 260 gold pieces
 46562 | Vaults:1 | Learned a level 2 spell: Repel Missiles
 47124 | Vaults:1 | Reached skill level 10 in Fighting
 47226 | Vaults:1 | Noticed Aizul
 47543 | Vaults:1 | Slain by an orc knight
 47544 | Vaults:1 | Reached XP level 17. HP: -2/76 MP: 5/32
 47676 | Vaults:1 | Mangled by a vault guard
 47677 | Vaults:1 | Reached XP level 16. HP: -12/73 MP: 24/31
 47949 | Elf:1    | Entered Level 1 of the Elven Halls
 48130 | Elf:1    | Found Ripar's Antique Weapon Shoppe.
 48675 | Elf:1    | Found a huge runed gate.
 48675 | Elf:1    | Found a huge runed gate.
 48675 | Elf:1    | Found a huge runed gate.
 48675 | Elf:1    | Found a huge runed gate.
 48675 | Elf:1    | Found a huge runed gate.
 48675 | Elf:1    | Found a huge runed gate.
 48675 | Elf:1    | Found a huge runed gate.
 48678 | Elf:1    | Found a huge runed gate.
 48678 | Elf:1    | Found a huge runed gate.
 48679 | Elf:1    | Found a huge runed gate.
 48680 | Elf:1    | Found a huge runed gate.
 48681 | Elf:1    | Found a huge runed gate.
 48682 | Elf:1    | Found a huge runed gate.
 48683 | Elf:1    | Found a huge runed gate.
 48702 | Elf:1    | Found a huge runed gate.
 48703 | Elf:1    | Found a huge runed gate.
 48704 | Elf:1    | Found a huge runed gate.
 48711 | Elf:1    | Found a huge runed gate.
 48711 | Elf:1    | Found a huge runed gate.
 48711 | Elf:1    | Found a huge runed gate.
 48711 | Elf:1    | Found a huge runed gate.
 48711 | Elf:1    | Found a huge runed gate.
 48711 | Elf:1    | Found a huge runed gate.
 48712 | Elf:1    | Found a huge runed gate.
 49208 | Elf:1    | Found a huge runed gate.
 49209 | Elf:1    | Found a huge runed gate.
 49217 | Elf:1    | Found a huge runed gate.
 49217 | Elf:1    | Found a huge runed gate.
 49217 | Elf:1    | Found a huge runed gate.
 49217 | Elf:1    | Found a huge runed gate.
 49270 | Elf:1    | Noticed a deep elf blademaster
 49270 | Elf:1    | Noticed a deep elf master archer
 49270 | Elf:1    | Noticed a deep elf blademaster
 49278 | Elf:1    | HP: 1/73 [deep elf high priest/damnation (21)]
 49306 | Elf:1    | HP: 3/73 [redback[a deep elf mage] (12)]
 49324 | Elf:1    | Reached skill level 5 in Ice Magic
 49759 | Elf:1    | Noticed an Ice Fiend
 49809 | Elf:1    | Slain by a halberd of venom

Vault maps used:
D:1:      minmay_arrival_semitransparent, wad_floor_pattern_untrapped,
          minmay_misc_feat_alley
D:2:      minmay_door_path, hangedman_decor_peaks_small
D:3:      kennysheep_generic_room_10, uniq_jessica
D:4:      xom_butterflies, lemuel_temple_firewalk_marked, serial_shops, shop,
          first_bread
D:5:      nicolae_ru_great_annihilating_truth,
          lightli_ossuary_entry_decrepit_ruins, st_stairs_11, kennysheep_nub,
          nrook_mini_backslash
D:6:      grunt_temple_overflow_order_and_chaos_2, serial_bayou_crossing,
          uniq_prince_ribbit1
D:7:      minmay_statues_item, minmay_misc_feat_encased, uniq_joseph,
          uniq_crazy_yiuf_cottage
D:8:      blue_anna_alchemist
D:9:      grunt_dithmenos_smoke, grunt_temple_overflow_open,
          lemuel_mausoleum_altar_kikubaaqudgha, orc_david_3, serial_ice,
          serial_ice_e, serial_ice_c, serial_ice_o, serial_ice_n, serial_ice_l,
          serial_ice_m, serial_ice_f, serial_ice_b, serial_ice_d, serial_ice_g,
          uniq_gastronok
D:11:     minmay_lair_entry_lava, nicolae_trove_entry_free_sample,
          serial_park_tiny_pond, uniq_sonja, uniq_psyche, uniq_erica
D:12:     basic_altar, nicolae_two_hexagons, uniq_maurice
D:13:     grunt_vaults_entry_fortified, hex_medium
D:14:     minivault_26, basic_altar, yredelemnul_altar_generic
D:15:     grunt_enter_depths_giant_problem, serial_shops, shop
Temple:   triangle_lava_temple_10
Lair:1:   grunt_megastairs_2
Lair:3:   spider_nest_entry_funnel_web, zaba_anthole
Lair:4:   minmay_shoals_entry_hut, grunt_megastairs_5,
          infiniplex_staircase_pool_2, serial_bayou_shore_a
Lair:5:   slime_altar_2, st_stairs_12
Lair:6:   hangedman_lair_tendril_chambers
Shoals:1: nicolae_shoals_loop_pool, uniq_louise
Shoals:2: nicolae_shoals_drake_roost
Shoals:4: shoals_end_grunt_garden, shoals_ilsuiw_alternative, uniq_roxanne
Spider:1: lemuel_spider_zombies, uniq_frances
Spider:3: spider_trap
Spider:4: floodkiller_spider_rune_tomb, nicolae_spider_nook
Orc:1:    special_room, nicolae_orc_sculptors_studio, trog_hazing_becter,
          uniq_josephine
Orc:2:    grunt_orc_gardens, grunt_orc_garden, grunt_orc_garden,
          grunt_orc_garden, grunt_orc_garden
Elf:1:    elf_arrival_001, serial_shops, shop, evilmike_minifort, door_vault
Vaults:1: nicolae_vaults_back_hallway, dpeg_vaults_monster_box,
          nicolae_vaults_shelves_hall, vaults_mumra_chevron,
          nicolae_vaults_ninety_degrees, v_alt_pattern_6, v_misc_11, v_misc_9,
          nicolae_vaults_network_star, v_misc_14,
          nicolae_vaults_little_squares_4, st_spiral_rooms, vaults_dpeg_hooks,
          serial_shops, nicolae_shop_crystal, uniq_aizul
Trove:    trove_dig
Ossuary:  ossuary_zaba_flooded

Skill      XL: |  1  2  3  4  5  6  7  8  9 10 11 12 13 14 15 16 17 18 |
---------------+-------------------------------------------------------+-----
Dodging        | 3 4 5 6 7 9 10 11 12 14 13 | 14.0
Hexes          | 5 6 7 8 10 13 14 15 16 17 18 19 20 | 20.9
Ice Magic      | 1 2 3 4 5 |  5.1
Unarmed Combat | 2 3 4 5 6 7 10 11 12 13 14 15 | 15.7
Stealth        | 5 6 7 8 9 11 14 15 16 17 18 | 18.1
Charms         | 1 2 3 4 5 6 7 8 9 |  9.0
Air Magic      | 1 2 3 4 |  4.0
Evocations     | 1 3 4 5 6 |  6.3
Spellcasting   | 3 4 5 6 7 8 9 10 | 10.5
Fighting       | 1 2 3 5 6 7 8 9 10 | 10.1
Invocations    | 4 5 6 7 8 9 |  9.8
Translocations | 3 5 |  5.0

Action                   |  1- 3 |  4- 6 |  7- 9 | 10-12 | 13-15 | 16-18 || total
-------------------------+-------+-------+-------+-------+-------+-------++-------
Melee: Unarmed           |    73 |    98 |   310 |   606 |   709 |   882 ||  2678
       Bite              |     8 |     6 |    23 |    60 |    45 |    63 ||   205
       Punch             |     1 |       |     5 |    11 |    27 |    52 ||    96
 Cast: Corona            |    10 |     4 |     1 |     1 |       |     4 ||    20
       Ensorcelled Hiber |     7 |    22 |    80 |   187 |   186 |   217 ||   699
       Confuse           |       |    10 |    67 |   159 |    94 |   120 ||   450
       Swiftness         |       |       |       |    13 |     1 |     3 ||    17
       Ozocubu's Armour  |       |       |       |     7 |     7 |    13 ||    27
       Dazzling Spray    |       |       |       |     5 |    15 |    88 ||   108
       Blink             |       |       |       |     2 |       |    10 ||    12
       Invisibility      |       |       |       |       |    16 |    24 ||    40
       Repel Missiles    |       |       |       |       |       |     3 ||     3
       Apportation       |       |       |       |       |       |     1 ||     1
Invok: Shadow Step       |       |       |       |     2 |     6 |     9 ||    17
       Shadow Form       |       |       |       |       |       |     3 ||     3
 Abil: Evoke Flight      |       |       |       |       |       |    12 ||    12
       End Transformatio |       |       |       |       |       |     1 ||     1
Evoke: Wand              |       |       |     3 |    10 |    12 |     7 ||    32
  Use: Potion            |     3 |       |     4 |     4 |     4 |    16 ||    31
       Scroll            |       |     6 |     9 |    13 |    14 |     7 ||    49
 Stab: Sleeping          |    23 |    30 |    56 |   205 |   258 |   198 ||   770
       Confused          |       |     5 |    26 |    89 |    42 |    77 ||   239
       Distracted        |       |     1 |     1 |     6 |     1 |     6 ||    15
       Paralysed         |       |       |     1 |     1 |       |       ||     2
       Invisible         |       |       |       |     3 |    91 |   120 ||   214
       Held in net/web   |       |       |       |       |       |     1 ||     1
  Eat: Chunk             |    10 |     8 |    23 |    42 |    32 |    49 ||   164
       Royal jelly       |       |       |       |       |       |     2 ||     2
Armor: Skin              |     1 |     4 |    24 |    16 |    17 |    35 ||    97
Dodge: Dodged            |    33 |    42 |   156 |   335 |   379 |  1091 ||  2036
       Deflected         |       |       |       |       |       |     5 ||     5
Block: Other             |       |       |     3 |    39 |    39 |    39 ||   120
       Reflection        |       |       |       |       |     3 |     7 ||    10
